 Dungeon Crawl Stone Soup version 0.26-a0-64-g059e62fbdb (webtiles) character file.

Game seed: 18265677529921910739

114 Fv001 the Shield-Bearer (level 5, 0/42 HPs)
             Began as a Formicid Fighter on June 11, 2020.
             Killed by nerve-wracking pain
             ... invoked by Grinder
              (14 damage)
             ... on level 3 of the Dungeon.
             The game lasted 00:06:24 (2348 turns).

Fv001 the Shield-Bearer (Formicid Fighter)          Turns: 2348, Time: 00:06:25

Health: 0/42       AC:  9    Str: 21    XL:     5   Next: 19%
Magic:  5/5        EV:  6    Int:  7    God:
Gold:   72         SH:  9    Dex: 11    Spells: 4/4 levels left

rFire    . . .     SeeInvis +   a - +1 war axe
rCold    + . .     Gourm    .   k - +0 kite shield
rNeg     . . .     Faith    .   o - +0 chain mail
rPois    .         Spirit   .   (helmet unavailable)
rElec    .         Reflect  .   (no cloak)
rCorr    .         Harm     .   (no gloves)
MR       .....                  (no boots)
Stlth    ..........             l - amulet of regeneration
HPRegen  0.54/turn              j - ring of protection from cold
MPRegen  0.09/turn              (no ring)

@: mighty
A: permanent stasis, dig shafts and tunnels, four strong arms, antennae 3
a: Dig, Shaft Self


You were on level 3 of the Dungeon.
You were not hungry.

You visited 1 branch of the dungeon, and saw 3 of its levels.

You collected 72 gold pieces.

Inventory:

Hand Weapons
 a - a +1 war axe (weapon)
 c - a +0 flail
Missiles
 h - 57 bolts
Armour
 k - a +0 kite shield (worn)
 o - a +0 chain mail (worn)
Jewellery
 j - a ring of protection from cold (left hand)
 l - an amulet of regeneration (around neck)
Scrolls
 e - a scroll of remove curse
 n - a scroll of fog {unknown}
Potions
 i - 2 potions of curing
 m - 2 potions of heal wounds
Comestibles
 f - 5 rations
 g - 5 chunks of flesh


   Skills:
 + Level 3.6 Fighting
 * Level 3.6 Axes
 * Level 3.9 Armour
 + Level 0.5 Dodging
 * Level 4.3 Shields


You had 4 spell levels left.
You didn't know any spells.
Your spell library was empty.

Dungeon Overview and Level Annotations

Branches:
Dungeon (3/15)

Altars:

Annotations:
D:3 Grinder


Innate Abilities, Weirdness & Mutations

You cannot be hasted, slowed, berserked, paralysed or teleported.
You can dig through walls and to a lower floor.
Your four strong arms can wield two-handed weapons with a shield.
You have a pair of large antennae on your head. (SInv)


Message History

You slash the bat!
You kill the bat!
You sense a monster nearby.
Grinder comes into view.
You barely miss Grinder. Grinder hits you but does no damage.
Your shield and chain mail prevent you from hitting Grinder.
Grinder hits you but does no damage. Grinder hits you.
You writhe in agony.
You barely miss Grinder. Grinder hits you but does no damage.
You slash Grinder!
Grinder is lightly wounded.
Grinder hits you.
You writhe in agony.
You feel very mighty all of a sudden.
Grinder says, "Just stop there for a second..."
Grinder hits you!
You writhe in agony.
Your chain mail prevents you from hitting Grinder.
Grinder is lightly wounded.
Grinder blinks!
Grinder gestures at you. Pain shoots through your body!
You die...

{ ## # #. ########.# #.
####......5.# #. ..#.##..#
#. #.#.##..########### #.
######.#.ยง@............###.
.............)............>
######..#######.######.####
#........# #.# #.#
#........# #.# #.####
#........# #.# #.....
#........######'###########
########..##.........#
##.##.........#


You could see Grinder.

Vanquished Creatures
  An orc priest (D:3)
  An adder (D:2)
  An ooze (D:1)
  2 worms (D:2)
  A dart slug (D:2)
  2 leopard geckos
  4 orcs (D:3)
  9 bats
  2 giant cockroaches (D:2)
  4 goblins
  3 hobgoblins
  7 jackals
  A quokka (D:2)
  4 frilled lizards
  10 kobolds
  5 rats
57 creatures vanquished.

Notes
Turn   | Place    | Note
-------+----------+-------------------------------------------
     0 | D:1      | Fv001 the Formicid Fighter began the quest for the Orb.
     0 | D:1      | Reached XP level 1. HP: 18/18 MP: 1/1
   128 | D:1      | Reached XP level 2. HP: 22/24 MP: 2/2
   218 | D:1      | Reached skill level 4 in Shields
   267 | D:1      | Reached XP level 3. HP: 24/29 MP: 3/3
  1466 | D:2      | Reached XP level 4. HP: 35/35 MP: 4/4
  2203 | D:3      | Reached XP level 5. HP: 40/42 MP: 5/5
  2339 | D:3      | Noticed Grinder
  2348 | D:3      | Killed from afar by Grinder

Illustrated notes

Levels and vault maps discovered:
D:1:      psy_arrival_heroes, layout_basic, kennysheep_pointless_box,
          lemuel_flame_loot_1
D:2:      layout_loops_cross, first_ration
D:3:      layout_basic, uniq_grinder, uniq_robin

Skill      XL: |  1  2  3 |
---------------+----------+-----
Shields        | 4 |  4.3
Axes           | 3 |  3.6
Fighting       | |  3.6
Armour         | |  3.9
Dodging        | |  0.5

Action                   |  1- 3 |  4- 6 || total
-------------------------+-------+-------++-------
Melee: War axe           |    82 |    80 ||   162
 Abil: Dig               |     2 |     1 ||     3
  Use: Scroll            |     3 |     1 ||     4
       Potion            |       |     1 ||     1
  Eat: Chunk             |     2 |     3 ||     5
Armor: Scale mail        |    35 |    24 ||    59
       Chain mail        |       |     6 ||     6
Dodge: Dodged            |    38 |    24 ||    62
Block: Kite shield       |    54 |    34 ||    88

Table legend:
 A = Non-vault XP
 B = Vault XP
 C = Vault XP percentage of total XP
 D = Non-vault monster count
 E = Vault monster count
 F = Vault count percentage of total count
                 A         B        C        D         E       F
            +---------+---------+-------+---------+---------+-------
      Total |     164 |       0 |   0.0 |      57 |       0 |   0.0
            +---------+---------+-------+---------+---------+-------
        D:1 |      49 |       0 |   0.0 |      26 |       0 |   0.0
        D:2 |      53 |       0 |   0.0 |      20 |       0 |   0.0
        D:3 |      62 |       0 |   0.0 |      11 |       0 |   0.0
            +---------+---------+-------+---------+---------+-------
